 Dungeon Crawl Stone Soup version 0.29-a0-911-g88e6f02907 (webtiles) character file.

Game seed: 9338270674552905812

16 greasedhog the Stinger (level 2, -2/15 HPs)
             Began as a Gargoyle Venom Mage on July 25, 2022.
             Slain by a kobold
             ... wielding a +3 dagger
              (6 damage)
             ... on level 1 of the Dungeon.
             The game lasted 00:01:55 (230 turns).

greasedhog the Stinger (Gargoyle Venom Mage)         Turns: 230, Time: 00:01:56

Health: -2/15      AC:  5    Str: 11    XL:     2   Next: 54%
Magic:  0/5        EV: 11    Int: 15    God:
Gold:   15         SH:  0    Dex: 10    Spells: 4/5 levels left

rFire   . . .      SeeInvis .   f - +0 club
rCold   . . .      Faith    .   (no shield)
rNeg    + . .      Spirit   .   a - +0 robe
rPois   ∞          Reflect  .   d - +0 helmet
rElec   +          Harm     .   (no cloak)
rCorr   .          Rampage  .   (no gloves)
Will    .....                   (no boots)
Stlth   ++........              (no amulet)
HPRegen 0.05/turn               (no ring)
MPRegen 0.09/turn               (no ring)

@: no status effects
A: sickness immunity, AC +2, negative energy resistance 1, electricity
resistance, torment resistance 1, petrification resistance
a: no special abilities


You were on level 1 of the Dungeon.
You visited 1 branch of the dungeon, and saw 1 of its levels.

You collected 15 gold pieces.

Inventory:

Hand Weapons
 f - a +0 club (weapon)
Armour
 a - a +0 robe (worn)
 d - a +0 helmet (worn)
 e - a +0 pair of boots
Potions
 b - a potion of magic
 c - a potion of mutation {unknown}


   Skills:
 - Level 1.5 Dodging
 + Level 2.5 Stealth
 * Level 2.3 Spellcasting
 - Level 0.7 Transmutations
 * Level 3.3 Poison Magic


You had 4 spell levels left.
You knew the following spells:

 Your Spells              Type           Power      Damage    Failure   Level
a - Sting                 Tmut/Pois      28%        1d4       10%         1

Your spell library contained the following spells:

 Spells                   Type           Power      Damage    Failure   Level
 Poisonous Vapours        Pois/Air       12%        N/A       16%         2
 Passwall                 Tmut/Erth      1%         N/A       28%         2
 Ensorcelled Hibernation  Hex/Ice        2%         N/A       32%         2
 Mephitic Cloud           Conj/Pois/Air  5%         N/A       38%         3
 Olgreb's Toxic Radiance  Pois           11%        N/A       47%         4
 Swiftness                Air            1%         N/A       54%         3


Dungeon Overview and Level Annotations

Branches:
Dungeon (1/15)

Altars:


Innate Abilities, Weirdness & Mutations

You are immune to sickness and miasma.
Your stone body is resilient. (AC +2)
You are immune to poison.
You resist negative energy. (rN+)
You are resistant to electric shocks. (rElec)
You are resistant to unholy torment.
You are immune to petrification.


Message History

Aiming: Sting (safe; 10% risk of failure)
Press: ? - help, Shift-Dir - straight line, f - jackal
Aim: a jackal (60% to hit)
The sting misses the jackal.
The sting hits the jackal.
The jackal is poisoned.
The jackal is moderately wounded.
The jackal barely misses you.
Casting: Sting (safe; 10% risk of failure)
Confirm with . or Enter, or press ? or * to list all spells.
Aiming: Sting (safe; 10% risk of failure)
Press: ? - help, Shift-Dir - straight line, f/p - jackal
Aim: a jackal (60% to hit)
The sting hits the jackal but does no damage.
The jackal is poisoned.
The jackal bites you but does no damage.
The jackal bites you.
You hit the jackal but do no damage.
The jackal is heavily wounded.
The jackal closely misses you.
The kobold shouts!
You hit the jackal but do no damage.
The jackal is severely wounded.
The jackal looks more healthy.
The jackal completely misses you. The jackal closely misses you.
The jackal closely misses you.
You see here 15 gold pieces.
You now have 15 gold pieces.
The jackal closely misses you.
You hit the jackal.
You kill the jackal!
The jackal looks more healthy.
Casting: Sting (safe; 10% risk of failure)
Confirm with . or Enter, or press ? or * to list all spells.
Aiming: Sting (safe; 10% risk of failure)
Press: ? - help, Shift-Dir - straight line, f - kobold
Aim: a kobold, wielding a +3 dagger (60% to hit)
The sting misses the kobold.
The sting hits the jackal.
The jackal is poisoned.
You kill the jackal!
The kobold hits you with a +3 dagger.
* * * LOW HITPOINT WARNING * * *
You hit the kobold but do no damage. The kobold hits you with a +3 dagger.
You die...

####..##.......#...'........
#.....##.###....####....#...
#.###....# #....####....#..
# #....###.......†........
#...............######+#
+...######......# #...#
#......# ##########......#
.......@K†..........
###...#####....##### #..
#....# #. #....# # .....#
.....# ......


You could see a kobold.

Vanquished Creatures
  3 ball pythons (D:1)
  An endoplasm (D:1)
  A giant cockroach (D:1)
  A goblin (D:1)
  2 hobgoblins (D:1)
  4 jackals (D:1)
12 creatures vanquished.

Notes
Turn   | Place    | Note
-------+----------+-------------------------------------------
     0 | D:1      | greasedhog the Gargoyle Venom Mage began the quest for the
                  | Orb.
     0 | D:1      | Reached XP level 1. HP: 10/10 MP: 3/3
   158 | D:1      | Reached XP level 2. HP: 15/15 MP: 3/5
   230 | D:1      | Slain by a kobold

Illustrated notes

Levels and vault maps discovered:
D:1:      nicolae_arrival_washed_ashore, layout_basic,
          chequers_ecumenical_altar_lobes, minmay_stone_trees_small,
          minmay_pentomino_x4

Action                   || total
-------------------------++-------
Melee: Unarmed           ||     5
       Club              ||    15
 Cast: Sting             ||    17
Armor: Robe              ||    16
Dodge: Dodged            ||    21

Table legend: (Time is in decaauts)
 A = Elapsed time spent in this place.
 B = Non-inter-level travel time spent in this place.
 C = Inter-level travel time spent in this place.
 D = Time resting spent in this place.
 E = Time spent auto-exploring this place.
 F = Levels seen in this place.
 G = Mean time per level.
                   A        B        C        D        E       F      G
               +--------+--------+--------+--------+--------+-----+--------+
         Total |    233 |    225 |      8 |      2 |    140 |   1 |  233.0 |
       Dungeon |    233 |    225 |      8 |      2 |    140 |   1 |  233.0 |
               +--------+--------+--------+--------+--------+-----+--------+

Top non-repeatable levels by time:
     D:1: 233 daAuts
